 Dungeon Crawl Stone Soup version 0.28-a0-1510-gd0f6b136d3 (webtiles) character file.

Game seed: 13022050651320738593

77933 a3don the Grappler (level 15, -4/143 HPs)
             Began as a Troll Hunter on Jan 16, 2022.
             Was a High Priest of Okawaru.
             Slain by a cane toad (19 damage)
             ... on level 6 of the Lair of Beasts.
             The game lasted 01:41:00 (20407 turns).

a3don the Grappler (Troll Hunter)                  Turns: 20407, Time: 01:41:01

Health: -4/143     AC:  9    Str: 26    XL:     15   Next: 16%
Magic:  15/21      EV: 16    Int: 11    God:    Okawaru [*****.]
Gold:   708        SH: 15    Dex: 10    Spells: 14/24 levels left

rFire   . . .      SeeInvis .     - Unarmed
rCold   . . .      Faith    .   T - +1 kite shield {rN+}
rNeg    + . .      Spirit   .   (armour restricted)
rPois   .          Reflect  +   (helmet restricted)
rElec   .          Harm     .   D - +2 cloak
rCorr   .          Rampage  .   (gloves unavailable)
Will    +....                   (boots unavailable)
Stlth   +++.......              o - amulet of reflection
HPRegen 1.13/turn               F - +4 ring of protection
MPRegen 0.17/turn               O - +4 ring of evasion

@: about to teleport, heroic, finesse-ful, studying Unarmed Combat
A: large, unfitting armour, claws 3, regeneration 1, shaggy fur 1, tough skin 1
a: Renounce Religion, Heroism, Finesse, Duel


You were on level 6 of the Lair of Beasts.
You worshipped Okawaru.
Okawaru was extremely pleased with you.
You visited 3 branches of the dungeon, and saw 19 of its levels.

You collected 1942 gold pieces.
You spent 1234 gold pieces at shops.

Inventory:

Hand Weapons
 y - a +0 giant spiked club of venom
 C - a +1 vorpal executioner's axe
 J - a +5 flail of holy wrath
 S - a +2 war axe of flaming
Missiles
 c - 27 large rocks (quivered)
 d - 2 throwing nets
 f - 3 datura-tipped darts
 g - 30 poisoned darts
 k - 11 silver javelins
 v - 6 curare-tipped darts
 A - 6 atropa-tipped darts
 B - 3 boomerangs of dispersal
 U - 3 silver boomerangs
Armour
 D - a +2 cloak (worn)
 N - a +2 robe of positive energy
 T - a +1 kite shield of positive energy (worn)
 V - +3 steam dragon scales
 X - a +1 robe of cold resistance
Jewellery
 i - the amulet "Pohausergh" {Faith rElec rF+}
   (You acquired it on level 10 of the Dungeon)

   [amulet of faith]

   It allows you to gain divine favour quickly.
   rF:        It protects you from fire.
   rElec:     It insulates you from electricity.
 o - an amulet of reflection (around neck)
 x - the ring of Cuynurphe {Fire rN++ rCorr Str-2 Dex-5}
   (You bought it in a shop on level 2 of the Orcish Mines)

   [ring of fire]

   It enhances your fire magic.
   Str:       It affects your strength (-2).
   Dex:       It affects your dexterity (-5).
   rF:        It protects you from fire.
   rC:        It makes you vulnerable to cold.
   rN:        It greatly protects you from negative energy.
   rCorr:     It protects you from acid and corrosion.
 z - a ring of see invisible
 F - a +4 ring of protection (left claw)
 H - a ring of flight
 O - a +4 ring of evasion (right claw)
Wands
 a - a wand of mindburst (1)
 b - a wand of acid (14)
 G - a wand of flame (34)
 M - a wand of paralysis (7)
Scrolls
 e - a scroll of magic mapping
 j - 5 scrolls of fog
 l - 6 scrolls of immolation
 p - 3 scrolls of teleportation
 Z - a scroll of silence
Potions
 h - 2 potions of ambrosia
 m - 6 potions of attraction
 n - 4 potions of lignification
 q - 5 potions of curing
 r - 2 potions of berserk rage {unknown}
 t - 3 potions of invisibility
 u - a potion of cancellation {unknown}
 w - 6 potions of mutation
 E - 5 potions of might
 K - a potion of flight {unknown}
 L - a potion of brilliance {unknown}
 P - a potion of magic {unknown}
 Q - a potion of resistance
Miscellaneous
 Y - a piece from Xom's chessboard (15/15)


   Skills:
 + Level 7.6(12.6) Fighting
 + Level 9.0(14.0) Throwing
 + Level 7.7(12.7) Dodging
 - Level 0.3(5.3) Stealth
 * Level 2.8(7.8) Shields
 * Level 14.0(19.0) Unarmed Combat
 + Level 5.2 Spellcasting
 + Level 0.5 Conjurations
 + Level 8.7 Transmutations
 - Level 6.2 Ice Magic
 + Level 5.0 Earth Magic
 + Level 7.3 Invocations


You had 14 spell levels left.
You knew the following spells:

 Your Spells              Type           Power      Damage    Failure   Level
a - Freeze                Ice            64%        1d8       3%          1
b - Frozen Ramparts       Ice            32%        1d5       10%         3
c - Beastly Appendage     Tmut           44%        N/A       1%          1
d - Wereblood             Tmut           22%        N/A       1%          2
e - Ozocubu's Armour      Ice            16%        N/A       10%         3

Your spell library contained the following spells:

 Spells                   Type           Power      Damage    Failure   Level
 Ice Form                 Ice/Tmut       19%        N/A       19%         4
 Spider Form              Tmut/Pois      12%        N/A       21%         3
 Petrify                  Tmut/Erth      18%        N/A       24%         4
 Shock                    Conj/Air       12%        1d3       36%         1
 Ignite Poison            Fire/Tmut/Pois 9%         N/A       36%         3
 Stone Arrow              Conj/Erth      18%        3d8       36%         3
 Pain                     Necr           8%         1d4       38%         1
 Slow                     Hex            8%         N/A       38%         1
 Sublimation of Blood     Necr           2%         N/A       54%         2
 Hailstorm                Conj/Ice       10%        3d5       71%         4
 Mephitic Cloud           Conj/Pois/Air  3%         N/A       75%         3
 Confusing Touch          Hex            2%         N/A       77%         3
 Gell's Gravitas          Tloc           2%         N/A       77%         3
 Swiftness                Air            2%         N/A       77%         3
 Teleport Other           Tloc           2%         N/A       77%         3
 Vampiric Draining        Necr           2%         2d6       77%         3
 Irradiate                Conj/Tmut      6%         3d15      86%         5
 Metabolic Englaciation   Hex/Ice        4%         N/A       97%         5
 Airstrike                Air            1%         N/A       99%         4
 Anguish                  Hex/Necr       1%         N/A       99%         4
 Borgnjor's Vile Clutch   Necr/Erth      4%         N/A       99%         5
 Freezing Cloud           Conj/Ice/Air   3%         6-21      99%         5
 Agony                    Necr           2%         N/A       100%        5
 Excruciating Wounds      Necr           1%         N/A       100%        5
 Lightning Bolt           Conj/Air       1%         1d12      100%        5
 Dispersal                Tloc           1%         N/A       100%        6
 Enfeeble                 Hex            1%         N/A       100%        7
 Storm Form               Tmut/Air       6%         N/A       100%        7
 Lehudib's Crystal Spear  Conj/Erth      4%         10d3      100%        8
 Maxwell's Capacitive Co  Air            1%         ∞         100%        8
 Summon Ice Beast         Ice/Summ       Unusable   N/A       N/A         4
 Tukima's Dance           Hex            Unusable   N/A       N/A         3
 Animate Armour           Summ/Erth      Unusable   N/A       N/A         4
 Animate Dead             Necr           Unusable   N/A       N/A         4
 Summon Lightning Spire   Summ/Air       Unusable   N/A       N/A         4
 Death Channel            Necr           Unusable   N/A       N/A         6
 Simulacrum               Ice/Necr       Unusable   N/A       N/A         6

Dungeon Overview and Level Annotations

Branches:
Dungeon (11/15)            Temple (0/1) D:6            Lair (6/6) D:10
 Shoals (0/4) Lair:3       Spider (0/4) Lair:3        Slime (0/5) Lair:6
    Orc (2/2) D:11            Elf (0/3) Orc:2

Altars:
Nemelex Xobeh
Okawaru
Xom
Beogh

Shops:
D:6 *   Orc:1 [   Orc:2 [*=(=

Annotations:
D:10 3 runed translucent doors, karrick's ghost, journeyman GrFi


Innate Abilities, Weirdness & Mutations

You are too large for most types of armour.
You have claws for hands.
Your natural rate of healing is unusually fast.
You are covered in fur. (AC +1)
You have tough skin. (AC +1)


Message History

You block the black mamba's attack.
Okay, then.
You mangle the wolf spider!!
The wolf spider is heavily wounded.
Your surroundings flicker for a moment.
The black mamba misses you.
Okay, then.
You feel much better. You block the black mamba's attack.
The black mamba bites you but does no damage.
The guardian serpent hits the fungus!
The fungus begins to die.
The wolf spider misses you. You block the wolf spider's attack.
The cane toad misses you. You block the black mamba's attack.
The black mamba bites you!
You are poisoned.
The black mamba poisons you! The wolf spider hits you.
* * * LOW HITPOINT WARNING * * *
The wolf spider barely misses you.
The guardian serpent hits the fungus!
As you read the scroll of teleportation, it crumbles to dust.
You feel strangely unstable.
You feel very sick. You block the black mamba's attack.
The black mamba completely misses you. You block the cane toad's attack.
The guardian serpent hits the fungus!
The wolf spider closely misses you.
The wolf spider bites you but does no damage.
The black mamba bites you.
* * * LOW HITPOINT WARNING * * *
You are more poisoned.
The black mamba poisons you! The black mamba bites you!
* * * LOW HITPOINT WARNING * * *
You feel better.
The guardian serpent hits the fungus.
You block the wolf spider's attack.
The wolf spider bites you but does no damage.
The cane toad misses you. The black mamba barely misses you.
The black mamba bites you.
* * * LOW HITPOINT WARNING * * *
The wolf spider hits you!
* * * LOW HITPOINT WARNING * * *
The wolf spider bites you but does no damage.
The guardian serpent hits the fungus!!
You block the black mamba's attack. The cane toad stings you!!
You die...

....###.)..#......#....###...#
......##...##....##...##....###
.......##...#....#...##.......#
........##..##..##..##.....P.##
.........##..# #..##........##
..###.... ##.# ##.##....###...#
....### #####..#...### #####
..P...### ##..s..!###
##......### #..S@####
###÷......# #.PPSF......
#.........# #.PPS....... #..
........### #....####... ..#..
......### ##..## #. ...#.
....#.# ### ..... ..###...
..... ......... .....
........## .....


You could see a wolf spider, a guardian serpent, 2 black mambas and a cane toad.

Vanquished Creatures
  Rupert (Lair:4)
  Kirke (Lair:4)
  An orc warlord (Orc:2)
  A fire dragon (Lair:6)
  10 hydras
  2 boulder beetles
  An ogre mage (Orc:2)
  Erolcha (Orc:2)
  Erica (D:10)
  4 two-headed ogres
  5 death yaks (Lair:6)
  3 orc high priests
  Sonja (D:10)
  A swamp dragon (Lair:6)
  2 lindwurms (Lair:5)
  9 orc knights
  6 orc sorcerers (Orc:2)
  A cyclops (Orc:2)
  2 oklob plants (Lair:6)
  A manticore (Lair:3)
  12 elephants
  4 black mambas
  16 cane toads
  A torpor snail (Lair:6)
  Maggie (D:9)
  An unseen horror (D:10)
  A demonic crawler (Lair:3)
  Psyche (D:10)
  10 komodo dragons
  5 rime drakes
  2 trolls
  3 polar bears
  4 hornets
  33 blink frogs
  7 dream sheep (Lair:4)
  A wind drake (Lair:3)
  42 yaks
  8 wyverns
  A hog (Lair:4)
  Grum (D:11)
  4 basilisks
  2 redbacks (Lair:6)
  3 humans (Lair:4)
  A warg (Orc:2)
  3 steam dragons
  2 acid dragons (Lair:6)
  4 vampire mosquitoes (D:11)
  21 water moccasins
  A black bear (D:3)
  An ice beast (D:6)
  42 orc warriors
  3 centaurs
  4 sky beasts (D:7)
  8 ogres
  A necrophage (D:3)
  33 wolves
  A phantom (D:6)
  3 kobold brigands
  12 bullfrogs
  6 scorpions
  A wyvern zombie (D:8)
  A water moccasin skeleton (D:5)
  4 killer bees (D:9)
  7 wights
  5 howler monkeys
  22 orc priests
  A gnoll shaman (D:7)
  4 hounds
  2 hell rats (Lair:5)
  8 iguanas
  25 orc wizards
  2 killer bee zombies
  A hound skeleton (D:5)
  A howler monkey zombie (D:8)
  6 adders
  13 gnolls
  A howler monkey skeleton (D:7)
  6 river rats (Lair:5)
  A shadow imp (D:6)
  2 white imps
  3 ufetubi
  6 worms
  3 dart slugs
  83 orcs
  6 endoplasms
  4 giant cockroaches
  7 goblins
  8 hobgoblins
  5 quokkas
  11 ball pythons
  7 bats
  4 frilled lizards
  12 kobolds
  5 rats
640 creatures vanquished.

Vanquished Creatures (others)
  38 fungi
  64 plants
102 creatures vanquished.

Grand Total: 742 creatures vanquished

Notes
Turn   | Place    | Note
-------+----------+-------------------------------------------
     0 | D:1      | a3don the Troll Hunter began the quest for the Orb.
     0 | D:1      | Reached XP level 1. HP: 19/19 MP: 0/0
   271 | D:1      | Reached XP level 2. HP: 26/28 MP: 1/1
   291 | D:1      | Reached skill level 1 in Unarmed Combat
   910 | D:2      | Reached XP level 3. HP: 32/35 MP: 2/2
  1417 | D:2      | Found a sparkling altar of Nemelex Xobeh.
  1458 | D:2      | Reached skill level 2 in Unarmed Combat
  1779 | D:3      | Reached XP level 4. HP: 42/42 MP: 3/3
  1816 | D:3      | Noticed a kobold brigand
  1816 | D:3      | Noticed a kobold brigand
  1960 | D:3      | Noticed a necrophage
  1969 | D:3      | Killed a necrophage
  1970 | D:3      | Reached skill level 3 in Unarmed Combat
  1970 | D:3      | Reached XP level 5. HP: 36/50 MP: 4/4
  2035 | D:3      | Noticed a black bear
  2045 | D:3      | Killed a black bear
  2046 | D:3      | Reached XP level 6. HP: 56/59 MP: 5/5
  2284 | D:3      | Reached skill level 4 in Unarmed Combat
  2450 | D:3      | Learned a level 1 spell: Freeze
  2454 | D:3      | Learned a level 3 spell: Frozen Ramparts
  2673 | D:4      | Reached XP level 7. HP: 33/67 MP: 6/6
  3350 | D:5      | Entered Level 5 of the Dungeon
  3561 | D:5      | Identified the +5 buckler of Burning Music {Int+5}
  3697 | D:5      | Found an iron altar of Okawaru.
  3748 | D:5      | Reached skill level 1 in Ice Magic
  3768 | D:5      | Became a worshipper of Warmaster Okawaru
  3794 | D:5      | Reached skill level 5 in Unarmed Combat
  3990 | D:5      | Reached skill level 5 in Throwing
  4013 | D:5      | Reached skill level 1 in Spellcasting
  4219 | D:5      | Reached XP level 8. HP: 73/75 MP: 8/8
  4299 | D:5      | Learned a level 1 spell: Beastly Appendage
  4360 | D:6      | Found Pedesuip's Assorted Antiques.
  4368 | D:6      | Bought a scroll labelled ORAUVO UXARPH for 22 gold pieces
  4368 | D:6      | Bought a scroll labelled TEALIN ADUDIKK for 22 gold pieces
  4368 | D:6      | Bought a scroll labelled FAHUPT AMMYCUURIMP for 22 gold
                  | pieces
  4368 | D:6      | Bought a glass ring for 110 gold pieces
  4400 | D:6      | Reached * piety under Okawaru
  4537 | D:6      | Reached skill level 1 in Transmutations
  4712 | D:6      | Reached skill level 1 in Invocations
  4816 | D:6      | Found a staircase to the Ecumenical Temple.
  4888 | D:6      | Reached skill level 6 in Unarmed Combat
  5397 | D:7      | Reached ** piety under Okawaru
  5447 | D:7      | Reached XP level 9. HP: 84/84 MP: 8/10
  5930 | D:8      | Found a flagged portal.
  6047 | D:8      | Noticed a boulder beetle
  6059 | D:8      | Killed a boulder beetle
  6059 | D:8      | Reached *** piety under Okawaru
  6706 | D:9      | Reached skill level 7 in Unarmed Combat
  6722 | D:9      | Noticed a two-headed ogre
  6728 | D:9      | Killed a two-headed ogre
  6787 | D:9      | Reached XP level 10. HP: 44/94 MP: 10/12
  6857 | D:9      | Reached **** piety under Okawaru
  7058 | D:9      | Received a gift from Okawaru
  7115 | D:9      | Found a shimmering altar of Xom.
  7115 | D:9      | Found a shimmering altar of Xom.
  7116 | D:9      | Found a shimmering altar of Xom.
  7116 | D:9      | Found a shimmering altar of Xom.
  7116 | D:9      | Found a shimmering altar of Xom.
  7116 | D:9      | Found a shimmering altar of Xom.
  7183 | D:9      | Noticed Maggie
  7192 | D:9      | Killed Maggie
  7328 | D:9      | Noticed a manticore
  7841 | D:10     | Entered Level 10 of the Dungeon
  7842 | D:10     | Noticed Erica
  7849 | D:10     | Killed Erica
  7849 | D:10     | Received a gift from Okawaru
  7850 | D:10     | Reached skill level 8 in Unarmed Combat
  7933 | D:10     | Noticed Psyche
  7944 | D:10     | Killed Psyche
  7945 | D:10     | Reached skill level 5 in Dodging
  8082 | D:10     | Reached skill level 5 in Fighting
  8201 | D:10     | Noticed Sonja
  8224 | D:10     | Killed Sonja
  8395 | D:10     | Learned a level 2 spell: Wereblood
  8410 | D:10     | Found a runed translucent gate.
  8411 | D:10     | Found a runed translucent gate.
  8412 | D:10     | Noticed karrick's ghost (journeyman GrFi)
  8413 | D:10     | Found a runed translucent gate.
  8461 | D:10     | Reached XP level 11. HP: 79/104 MP: 12/14
  8505 | D:10     | Found a staircase to the Lair.
  8723 | D:10     | Found the +1 cloak of Starlight {*Dazzle EV+4 Stlth--}
  8948 | D:11     | Noticed a boulder beetle
  8973 | D:11     | Killed a boulder beetle
  8973 | D:11     | Received a gift from Okawaru
  8984 | D:11     | Noticed Grum
  8995 | D:11     | Killed Grum
  9049 | D:11     | Found Werugyng's Weapon Shoppe.
  9127 | D:11     | Reached skill level 5 in Transmutations
  9332 | D:11     | Noticed a two-headed ogre
  9375 | D:11     | Killed a two-headed ogre
  9381 | D:11     | Reached ***** piety under Okawaru
  9418 | D:11     | Found a staircase to the Orcish Mines.
  9424 | D:11     | Reached skill level 9 in Unarmed Combat
  9437 | D:11     | Received a gift from Okawaru
  9572 | D:11     | Noticed a two-headed ogre
  9577 | D:11     | Killed a two-headed ogre
  9728 | Lair:1   | Entered Level 1 of the Lair of Beasts
  9752 | Lair:1   | Received a gift from Okawaru
  9983 | Lair:1   | Reached XP level 12. HP: 113/113 MP: 13/16
 10124 | Lair:1   | Received a gift from Okawaru
 10315 | Lair:1   | Noticed a seven-headed hydra
 10330 | Lair:1   | Killed a four-headed hydra
 10742 | Lair:1   | Noticed a seven-headed hydra
 10752 | Lair:1   | Killed a three-headed hydra
 10753 | Lair:1   | Reached skill level 5 in Invocations
 11131 | Lair:2   | Reached skill level 10 in Unarmed Combat
 11221 | Lair:2   | Reached ****** piety under Okawaru
 11234 | Lair:2   | Reached skill level 1 in Earth Magic
 11541 | Lair:2   | Received a gift from Okawaru
 12183 | Lair:3   | Found a staircase to the Shoals.
 12303 | Lair:3   | Found a gate leading to a gauntlet.
 12325 | Lair:3   | Noticed a four-headed hydra
 12341 | Lair:3   | Killed a one-headed hydra
 12435 | Lair:3   | Found a hole to the Spider Nest.
 12549 | Lair:3   | Noticed a four-headed hydra
 12554 | Lair:3   | Killed a four-headed hydra
 12570 | Lair:3   | Reached skill level 5 in Ice Magic
 12573 | Lair:3   | Received a gift from Okawaru
 12645 | Lair:3   | Reached XP level 13. HP: 118/122 MP: 14/18
 12744 | Lair:3   | Received a gift from Okawaru
 13314 | Lair:4   | Reached skill level 11 in Unarmed Combat
 13453 | Lair:4   | Noticed Rupert
 13471 | Lair:4   | Killed Rupert
 13612 | Lair:4   | Noticed Kirke
 13628 | Lair:4   | Killed Kirke
 14626 | Lair:5   | Received a gift from Okawaru
 14896 | Lair:5   | Reached skill level 12 in Unarmed Combat
 15527 | Orc:1    | Entered Level 1 of the Orcish Mines
 15595 | Orc:1    | Reached XP level 14. HP: 118/133 MP: 14/20
 15608 | Orc:1    | Found Ebapluze's Antique Armour Shop.
 15666 | Orc:1    | Bought a fine robe for 176 gold pieces
 15666 | Orc:1    | Identified the +0 robe of Suaczoydgh {-Tele rElec Dex+4
                  | SInv} (You bought it in a shop on level 1 of the Orcish
                  | Mines)
 16069 | Orc:2    | Entered Level 2 of the Orcish Mines
 16069 | Orc:2    | Found Osanusta's Jewellery Boutique.
 16070 | Orc:2    | Found a staircase to the Elven Halls.
 16223 | Orc:2    | Noticed Erolcha
 16229 | Orc:2    | Killed Erolcha
 16333 | Orc:2    | Received a gift from Okawaru
 16473 | Orc:2    | Noticed an orc warlord
 16491 | Orc:2    | Killed an orc warlord
 16815 | Orc:2    | Reached skill level 5 in Spellcasting
 16816 | Orc:2    | Reached skill level 13 in Unarmed Combat
 17003 | Orc:2    | Found Nanew's General Store.
 17008 | Orc:2    | Found Piof Gou's Antique Weapon Boutique.
 17129 | Orc:2    | Found Otusoacs's Jewellery Boutique.
 17152 | Orc:2    | Bought a scroll of enchant weapon for 135 gold pieces
 17174 | Orc:2    | Found Zatowuy's Antique Armour Boutique.
 17181 | Orc:2    | Bought a shiny kite shield for 180 gold pieces
 17847 | D:10     | Identified a scroll of acquirement
 17847 | D:10     | Acquired the amulet "Pohausergh" {Faith rElec rF+}
 17856 | D:10     | Learned a level 3 spell: Ozocubu's Armour
 17943 | Lair:6   | Entered Level 6 of the Lair of Beasts
 17970 | Lair:6   | Received a gift from Okawaru
 17986 | Lair:6   | Reached skill level 1 in Shields
 18373 | Lair:6   | Paralysed by a hornet for 3 turns
 18569 | Orc:2    | Bought the ring of Cuynurphe {Fire rN++ rCorr Str-2 Dex-5}
                  | for 567 gold pieces
 18985 | Lair:6   | Received a gift from Okawaru
 19491 | Lair:6   | Reached XP level 15. HP: 140/140 MP: 21/21
 19606 | Lair:6   | Found a staircase to the Slime Pits.
 19795 | Lair:6   | Received a gift from Okawaru
 20157 | Lair:6   | Reached skill level 5 in Earth Magic
 20286 | Lair:6   | Reached skill level 14 in Unarmed Combat
 20407 | Lair:6   | Slain by a cane toad

Illustrated notes

Levels and vault maps discovered:
D:1:      dpeg_arrival_court, layout_basic, dk_noncrumbling_4,
          minmay_pentomino_q4
D:2:      layout_basic, basic_altar
D:3:      cheibrodos_thug_alley, layout_basic, minmay_circle_x
D:4:      layout_basic, serial_glass, glass_columns_a, glass_columns_b
D:5:      layout_loops_corners, mainiacjoe_overflow_paths, minmay_crossroads
D:6:      layout_loops_ring, lemuel_temple_firewalk_a, serial_shops,
          nicolae_shop_overgrown_old_shop, nicolae_water_bricks
D:7:      layout_rooms, minmay_misc_feat_four_crosses
D:8:      layout_basic, enter_bailey_6, serial_aquarium,
          aquarium_bridge_straight [aquarium_subvault_bridge,
          aquarium_subvault_wall, aquarium_subvault_bridge,
          aquarium_subvault_window], aquarium_bridge_island_small
          [aquarium_subvault_small_open, aquarium_subvault_wall,
          aquarium_subvault_wall, aquarium_subvault_bridge,
          aquarium_subvault_window], aquarium_window_3, aquarium_window_fake,
          aquarium_window_1, aquarium_window_fake, aquarium_view_2g,
          aquarium_balcony_3a, aquarium_pool_1
D:9:      layout_loops_corners, xom_shifter_show, uniq_maggie
D:10:     layout_irregular_city, lair_entry_dummy, biasface_ghost_orc_armoury,
          uniq_psyche, uniq_erica, uniq_sonja
D:11:     layout_loops_ring, hiddenorc2_lemuel, serial_shops,
          kennysheep_mini_moat, uniq_grum
Lair:1:   layout_layer_cave, columned_hall_lemuel,
          chequers_serial_rivers_small_b, infiniplex_staircase_pool
Lair:2:   layout_regular_city
Lair:3:   layout_roguey, minmay_shoals_entry_beasts,
          nicolae_spider_entry_non_spiders, gauntlet_entry_generic,
          grunt_forest_large_clearings
Lair:4:   layout_cellular_growth, portal_ice_cave_entry_pillars_2,
          serial_bayou_shore_b, uniq_kirke, uniq_rupert
Lair:5:   layout_cave_pods, kennysheep_rathole
Lair:6:   hangedman_lair_tendril_chambers, layout_cave_pods,
          guppyfry_lair_end_dragon, minmay_slime_entry_oklob_open,
          nicolae_lair_lil_pond
Orc:1:    layout_caves, special_room [special_room_orc], serial_shops, shop
Orc:2:    grunt_orc_cross, layout_caves, serial_shops, nicolae_shop_crystal,
          hangedman_feature_mirror, mines4_lemuel, uniq_erolcha

Skill      XL: |  1  2  3  4  5  6  7  8  9 10 11 12 13 14 15 |
---------------+----------------------------------------------+-----
Unarmed Combat | 1 2 3 4 5 6 7 8 9 10 12 13 14 | 14.0
Dodging        | 2 3 4 5 6 7 |  7.7
Fighting       | 2 3 4 5 6 7 |  7.6
Throwing       | 4 5 6 7 8 9 |  9.0
Ice Magic      | 1 2 3 4 5 6 |  6.2
Spellcasting   | 1 2 3 4 5 |  5.2
Transmutations | 2 3 4 5 6 7 8 |  8.7
Invocations    | 1 2 3 4 5 6 7 |  7.3
Earth Magic    | 2 3 4 5 |  5.0
Shields        | 2 |  2.8
Stealth        | |  0.3
Conjurations   | |  0.5

Action                   |  1- 3 |  4- 6 |  7- 9 | 10-12 | 13-15 || total
-------------------------+-------+-------+-------+-------+-------++-------
Melee: Unarmed           |   132 |   129 |   276 |   488 |   762 ||  1787
       Punch             |     1 |     1 |    10 |    29 |    41 ||    82
       Kick              |       |       |    17 |   120 |   217 ||   354
       Headbutt          |       |       |    13 |    76 |   139 ||   228
       War axe           |       |       |       |    28 |    31 ||    59
Throw: Large rock        |       |       |    17 |    39 |    65 ||   121
       Stone             |       |       |     2 |       |       ||     2
       Boomerang         |       |       |     1 |       |       ||     1
 Cast: Beastly Appendage |       |       |    17 |    49 |    69 ||   135
       Frozen Ramparts   |       |       |     1 |     1 |     1 ||     3
       Wereblood         |       |       |       |    13 |    22 ||    35
Invok: Heroism           |       |       |     4 |    16 |    26 ||    46
       Finesse           |       |       |       |     4 |    14 ||    18
  Use: Scroll            |       |       |     8 |     9 |    14 ||    31
       Potion            |       |       |       |       |     4 ||     4
 Stab: Sleeping          |     1 |       |     1 |       |       ||     2
       Distracted        |       |     1 |       |       |     1 ||     2
Armor: Robe              |    38 |    30 |    75 |     2 |       ||   145
       Steam dragon scal |       |       |       |   204 |   221 ||   425
       Skin              |       |       |       |     1 |    30 ||    31
Dodge: Dodged            |    58 |    53 |   116 |   472 |   414 ||  1113
Block: Other             |       |       |    60 |   144 |    97 ||   301
       Reflection        |       |       |     4 |     1 |     3 ||     8
       Kite shield       |       |       |       |       |   193 ||   193

Table legend: (Time is in decaauts)
 A = Elapsed time spent in this place.
 B = Non-inter-level travel time spent in this place.
 C = Inter-level travel time spent in this place.
 D = Time resting spent in this place.
 E = Time spent auto-exploring this place.
 F = Levels seen in this place.
 G = Mean time per level.
                   A        B        C        D        E       F      G
               +--------+--------+--------+--------+--------+-----+--------+
         Total |  20132 |  18892 |   1240 |   2371 |  11771 |  19 | 1059.6 |
       Dungeon |   9982 |   9508 |    474 |    524 |   6905 |  11 |  907.5 |
          Lair |   8021 |   7342 |    679 |   1241 |   4231 |   6 | 1336.8 |
  Orcish Mines |   2129 |   2043 |     86 |    606 |    634 |   2 | 1064.5 |
               +--------+--------+--------+--------+--------+-----+--------+

Top non-repeatable levels by time:
  Lair:6: 1931 daAuts
  Lair:1: 1576 daAuts
   Orc:2: 1398 daAuts
  Lair:5: 1355 daAuts
  Lair:4: 1276 daAuts
    D:10: 1163 daAuts
     D:9: 1129 daAuts
  Lair:2: 1060 daAuts
    D:11: 1010 daAuts
     D:2: 994 daAuts
     D:5: 962 daAuts
     D:6: 890 daAuts
     D:8: 888 daAuts
  Lair:3: 820 daAuts
     D:4: 815 daAuts
